 Dungeon Crawl Stone Soup version 0.30.0-20-g3615ddf2f0 (webtiles) character file.

Game seed: 15134844500765551858

275 qw the Chopper (level 6, 0/38 HPs)
             Began as a Gargoyle Fighter on June 1, 2023.
             Slain by a wight
             ... wielding a +0 halberd
              (7 damage)
             ... on level 4 of the Dungeon.
             The game lasted 00:01:25 (3071 turns).

qw the Chopper (Gargoyle Fighter)                   Turns: 3071, Time: 00:01:25

Health: 0/38       AC: 16    Str: 22    XL:     6   Next: 24%
Magic:  6/6        EV:  8    Int:  8    God:
Gold:   229        SH:  4    Dex:  9    Spells: 5/5 levels left

rFire   . . .        Y - +0 war axe
rCold   . . .        c - +0 buckler
rNeg    + . .        a - +0 chain mail
rPois   inf          l - +2 helmet
rElec   +            (no cloak)
rCorr   .            (no gloves)
SInv    .            (no boots)
Will    .....        (no amulet) Stlth
                     (no ring)
HPRegen 0.26/turn    (no ring)
MPRegen 0.10/turn

%: no passive effects
@: no status effects
A: sickness immunity, AC +4, negative energy resistance 1, electricity
resistance, torment resistance 1, petrification resistance
a: no special abilities


You were on level 4 of the Dungeon.
You visited 1 branch of the dungeon, and saw 4 of its levels.

You collected 229 gold pieces.


Innate Abilities, Weirdness & Mutations

You are immune to sickness and miasma.
Your stone body is resilient. (AC +4)
You are immune to poison.
You resist negative energy. (rN+)
You are resistant to electric shocks. (rElec)
You are resistant to unholy torment.
You are immune to petrification.


   Skills:
 - Level 4.1 Fighting
 + Level 5.2 Axes
 - Level 1.0 Throwing
 - Level 3.2 Armour
 - Level 3.2 Shields


You had 5 spell levels left.
You didn't know any spells.
Your spell library was empty.

Inventory:

Hand Weapons
 h - a +0 flail
 Y - a +0 war axe (weapon)
Missiles
 n - a javelin (quivered)
Armour
 a - a +0 chain mail (worn)
 c - a +0 buckler (worn)
 l - a +2 helmet (worn)
Potions
 b - a potion of haste {unknown}
 d - a potion of might
 e - a potion of heal wounds {unknown}
 f - a potion of curing {unknown}
 g - a potion of flight {unknown}
 i - a potion of berserk rage {unknown}
 k - a potion of lignification

Dungeon Overview and Level Annotations

Branches:
Dungeon (4/15)
 Temple: D:4-7

Altars:
Kikubaaqudgha
Sif Muna

Shops:
D:2 (

Annotations:
D:2 1 runed translucent door, Crazy Yiuf


Message History

You hit the orc.
The orc is moderately wounded.
The orc closely misses you.
You barely miss the orc.
The orc is moderately wounded.
You barely miss the orc. You block the orc's attack.
The orc hits you but does no damage. The orc completely misses you.
The orc hits you but does no damage.
You barely miss the orc.
The orc is moderately wounded.
You hit the orc. The orc closely misses you. The orc barely misses you.
You hit the orc.
You kill the orc!
You slash the orc!
You kill the orc!
h - a +0 flail
Items here: % ) [[.
n - 2 javelins (gained 1)
You see here a +0 dagger.
n - 3 javelins (gained 1)
You now have 229 gold pieces (gained 12).
Found a stone staircase leading down.
3057 ||| DROPPING +0 mace.
You drop a +0 mace.
A wight comes into view. It is wielding a +0 battleaxe.
You throw a javelin. The javelin barely misses the wight.
You throw a javelin. The javelin closely misses the wight.
A wight comes into view. It is wielding a +0 halberd.
You closely miss the wight. The wight hits you with a +0 battleaxe!
You barely miss the wight. You block the wight's attack.
The wight closely misses you.
You slash the wight!
The wight is heavily damaged.
The wight hits you with a +0 battleaxe!
The wight hits you from afar with a +0 halberd!
You hit the wight but do no damage.
The wight is heavily damaged.
The wight hits you from afar with a +0 halberd!
You die...

#..........#
#########....#
........#)...#
........#....#
.............#
........##..##
...........###
.............#
....>..@######
..#....z.#
##.....z...
...###..####
### #..# #..#
#.(# ....


You could see 2 wights.

Vanquished Creatures
  An orc priest (D:3)
  A hound (D:3)
  Jessica (D:3)
  An orc wizard (D:4)
  Robin (D:2)
  5 adders
  An ufetubus (D:4)
  2 worms
  2 dart slugs
  8 orcs
  6 ball pythons
  10 bats
  5 endoplasms
  3 giant cockroaches
  10 hobgoblins
  3 quokkas
  6 frilled lizards
  12 goblins
  6 kobolds (D:1)
  4 rats
88 creatures vanquished.

Notes
Turn   | Place    | Note
-------+----------+-------------------------------------------
     0 | D:1      | qw the Gargoyle Fighter began the quest for the Orb.
     0 | D:1      | Reached XP level 1. HP: 14/14 MP: 1/1
     0 | D:1      | 0 ||| qw: Version: 0.2-a-102-gdf20003
     0 | D:1      | 0 ||| qw: Game counter: 702
     0 | D:1      | 0 ||| qw: Always use a shield: true
     0 | D:1      | 0 ||| qw: God list: Okawaru
     0 | D:1      | 0 ||| qw: Allow faded altars: false
     0 | D:1      | 0 ||| qw: Do Orc after D:15 true
     0 | D:1      | 0 ||| qw: Do second Lair branch before Depths: true
     0 | D:1      | 0 ||| qw: Lair rune preference: random
     0 | D:1      | 0 ||| qw: Plans: Normal, Zot:1-4, Slime:5, God:TSO, Crypt,
                  | Tomb, Pan, Hells, Abyss, Win
     0 | D:1      | 0 ||| PLANNING D:1-11
    52 | D:1      | Reached skill level 2 in Axes
   160 | D:1      | Reached XP level 2. HP: 19/19 MP: 2/2
   164 | D:1      | 164 ||| Stepping ~*~*~tactically~*~*~ (hiding).
   165 | D:1      | 165 ||| Stepping ~*~*~tactically~*~*~ (hiding).
   328 | D:1      | 328 ||| Stepping ~*~*~tactically~*~*~ (stealth).
   403 | D:1      | 403 ||| FLEEEEING.
   404 | D:1      | 404 ||| FLEEEEING.
   411 | D:1      | Reached skill level 3 in Axes
   416 | D:1      | Reached XP level 3. HP: 22/23 MP: 3/3
   467 | D:1      | 467 ||| DROPPING +0 club.
   737 | D:1      | 737 ||| Stepping ~*~*~tactically~*~*~ (hiding).
   828 | D:1      | 828 ||| DROPPING orb of light.
   829 | D:1      | 829 ||| READING scroll labelled AJEJ SUIGA.
   830 | D:1      | 830 ||| READING 2 scrolls labelled XESTRE HATIA.
   831 | D:1      | 831 ||| READING scroll labelled NOYGOSY ETHRAA.
   846 | D:1      | 846 ||| READING scroll labelled QOUDURH KIEQE.
   847 | D:1      | 847 ||| READING scroll labelled COTA LOWUPN.
   848 | D:1      | 848 ||| READING scroll labelled KIMUXA VEAWIR.
   851 | D:1      | 851 ||| DROPPING scroll of fear.
   882 | D:2      | Found a shimmering blue altar of Sif Muna.
   951 | D:2      | Reached skill level 1 in Throwing
  1000 | D:2      | Found Qyiraemm's Antique Weapon Emporium.
  1017 | D:2      | 1017 ||| Stepping ~*~*~tactically~*~*~ (stealth).
  1035 | D:2      | Noticed Robin
  1051 | D:2      | Killed Robin
  1052 | D:2      | Reached XP level 4. HP: 17/28 MP: 4/4
  1114 | D:2      | Found a faded altar of an unknown god.
  1399 | D:2      | 1399 ||| Stepping ~*~*~tactically~*~*~ (hiding).
  1517 | D:2      | Found a runed translucent door.
  1518 | D:2      | Noticed Crazy Yiuf
  1833 | D:2      | 1833 ||| UPGRADING to +0 chain mail.
  1843 | D:2      | 1843 ||| DROPPING +0 scale mail.
  1844 | D:2      | 1844 ||| UPGRADING to +0 helmet.
  1849 | D:2      | 1849 ||| READING 2 scrolls labelled ZETHRE GERITHRA.
  1850 | D:2      | 1850 ||| DROPPING scroll of butterflies.
  1902 | D:3      | Reached skill level 4 in Axes
  2112 | D:3      | Noticed Jessica
  2116 | D:3      | Killed Jessica
  2117 | D:3      | Reached XP level 5. HP: 28/32 MP: 5/5
  2476 | D:3      | Reached skill level 5 in Axes
  2760 | D:3      | Found an ancient bone altar of Kikubaaqudgha.
  2903 | D:3      | 2903 ||| UPGRADING to +2 helmet.
  2913 | D:3      | 2913 ||| DROPPING +0 helmet.
  2914 | D:3      | 2914 ||| READING scroll labelled DIELADGH DOINADGH.
  2915 | D:3      | 2915 ||| DRINKING 2 viscous puce potions.
  2977 | D:4      | 2977 ||| STAIRDANCE
  2988 | D:3      | Reached XP level 6. HP: 29/38 MP: 6/6
  3057 | D:4      | 3057 ||| DROPPING +0 mace.
  3070 | D:4      | HP: 7/38 [wight/+0 halberd (7)]
  3071 | D:4      | Slain by a wight

Levels and vault maps discovered:
D:1:      dpeg_arrival_rooms_c, layout_basic, st_stairs_14, minmay_hexomino_p4
D:2:      layout_basic, serial_shops, nicolae_shop_advertising_works
          [nicolae_subvault_shop_adworks], hellmonk_ecumenical_altar_blasted,
          basic_altar, uniq_crazy_yiuf_cottage, uniq_robin
D:3:      kennysheep_big_flooded_room, layout_basic,
          mainiacjoe_overflow_alcove_2, uniq_jessica
D:4:      layout_rooms, marbit_many_paths, lemuel_temple_firewalk_b,
          serial_curves, eino_curves_03, eino_curves_02, eino_curves_02,
          eino_curves_02

Skill      XL: |  1  2  3  4  5 |
---------------+----------------+-----
Axes           | 2 3 4 5 |  5.2
Throwing       | 1 |  1.0
Fighting       | 4 |  4.1
Armour         | |  3.2
Shields        | |  3.2

Action                     |  1- 3 |  4- 6 || total
---------------------------+-------+-------++-------
  Melee: War axe           |   103 |   114 ||   217
  Throw: Javelin           |    11 |    33 ||    44
    Use: Scroll            |     6 |     2 ||     8
         Potion            |       |     1 ||     1
 Armour: Scale mail        |    66 |     4 ||    70
         Chain mail        |       |    73 ||    73
  Dodge: Dodged            |    45 |    51 ||    96
  Block: Buckler           |    30 |    21 ||    51

Table legend:
 A = Non-vault XP
 B = Vault XP
 C = Vault XP percentage of total XP
 D = Non-vault monster count
 E = Vault monster count
 F = Vault count percentage of total count
                 A         B        C        D         E       F
            +---------+---------+-------+---------+---------+-------
      Total |     300 |      93 |  23.7 |      69 |      19 |  21.6
            +---------+---------+-------+---------+---------+-------
        D:1 |      43 |       6 |  12.2 |      23 |       5 |  17.9
        D:2 |      34 |      35 |  50.7 |      12 |      11 |  47.8
        D:3 |     168 |      52 |  23.6 |      27 |       3 |  10.0
        D:4 |      55 |       0 |   0.0 |       7 |       0 |   0.0
            +---------+---------+-------+---------+---------+-------
